AoeStats
← romeo63

Fortress

510170919Analyzed
4v4 RM · 2d ago on Sep 29, 2026· 45m 43s· 8 players
Game mode
Random Map
Map size
Huge
Population
200
Speed
Normal
Resources
Standard
Victory
Conquest
Starting age
Dark Age
Ending age
Imperial Age
RankedLock teamsTeams togetherTeam positionsShared explorationLock speedFull tech treeHidden civsTurbo modeCheats
Victory
Defeat
🇹🇷 Poles · Türkiye
1146
+12
🇹🇷 Khmer · Türkiye
1120
+13
🇹🇷 Slavs · Türkiye
1004
+18
🇹🇷 Jurchens · Türkiye
950
+20
🇩🇪 Turks · Germany
1080
-17
🇹🇷 Hindustanis · Türkiye
1049
-16
🇹🇷 Shu · Türkiye
1039
-15
1024
-15
Çalooo
0:42 Loom
8:03 Feudal Age
14:09 Castle Age
12:29 Double-Bit Axe
12:30 Horse Collar
13:49 Wheelbarrow
18:04 Forging
17:55 Scale Mail Armor
18:01 Scale Barding Armor
21:00 Pikeman
21:40 Squires
25:49 Iron Casting
25:29 Chain Mail Armor
30:04 Imperial Age
31:28 Heavy Plow
32:39 Chain Barding Armor
33:20 Blast Furnace
32:51 Plate Mail Armor
33:28 Halberdier
35:43 Bloodlines
34:53 Light Cavalry
35:18 Elite Skirmisher
38:27 Elite Boyar
40:44 Padded Archer Armor
40:35 Fletching
41:21 Plate Barding Armor
43:49 Bodkin Arrow
44:09 Leather Archer Armor
romeo63
1:15 Loom
8:04 Feudal Age
8:56 Double-Bit Axe
9:56 Horse Collar
14:31 Castle Age
15:53 Heavy Plow
16:07 Bow Saw
17:37 Wheelbarrow
17:31 Padded Archer Armor
17:21 Fletching
22:21 Hand Cart
24:29 Bodkin Arrow
24:50 Leather Archer Armor
28:12 Scale Barding Armor
28:18 Forging
27:43 Elite Skirmisher
32:10 Imperial Age
30:26 Chain Barding Armor
32:46 Gold Mining
35:44 Ring Archer Armor
35:14 Bracer
35:28 Elite Iron Pagoda
37:25 Chemistry
36:32 Siege Engineers
36:40 Elite Fire Lancer
38:50 Gold Shaft Mining
39:47 Two-Man Saw
hannibal
4:52 Loom
8:11 Feudal Age
9:06 Double-Bit Axe
9:10 Horse Collar
12:49 Castle Age
15:05 Gold Mining
20:41 Imperial Age
19:03 Bow Saw
21:44 Town Watch
22:34 Wheelbarrow
25:27 Conscription
25:10 Double Crossbow
25:13 Husbandry
25:24 Scale Barding Armor
25:30 Forging
25:45 Caravan
26:57 Bloodlines
28:43 Elite Battle Elephant
30:13 Stone Mining
33:19 Light Cavalry
35:33 Chemistry
35:34 Heavy Plow
35:57 Chain Barding Armor
36:13 Iron Casting
36:29 Tusk Swords
37:15 Town Patrol
37:30 Hand Cart
38:50 Gold Shaft Mining
38:55 Heavy Scorpion
39:36 Hussar
40:05 Elite Ballista Elephant
41:07 Ballistics
43:22 Stone Shaft Mining
43:31 Masonry
44:53 Plate Barding Armor
45:19 Blast Furnace
Ivar the Boneless
8:04 Feudal Age
15:23 Castle Age
13:47 Horse Collar
13:54 Double-Bit Axe
16:48 Bow Saw
16:42 Heavy Plow
16:59 Szlachta Privileges
20:13 Crossbowman
21:00 Thumb Ring
26:04 Husbandry
27:16 Elite Skirmisher
29:23 Forging
29:18 Scale Barding Armor
29:57 Fletching
30:07 Padded Archer Armor
37:55 Imperial Age
37:42 Ballistics
38:33 Leather Archer Armor
38:13 Bodkin Arrow
38:54 Iron Casting
38:19 Scale Mail Armor
38:01 Cavalier
38:18 Arbalester
39:57 Chain Barding Armor
43:14 Blast Furnace
42:29 Chain Mail Armor
SarilarinSulo
8:58 Feudal Age
13:18 Castle Age
11:11 Double-Bit Axe
11:10 Horse Collar
12:36 Gold Mining
13:05 Stone Mining
16:46 Heavy Plow
18:00 Bow Saw
17:56 Pikeman
23:31 Imperial Age
22:33 Wheelbarrow
22:07 Padded Archer Armor
23:38 Onager
27:42 Chemistry
29:03 Gold Shaft Mining
30:03 Two-Man Saw
30:09 Shatagni
32:38 Hand Cart
34:53 Leather Archer Armor
34:36 Heavy Camel Rider
35:33 Bloodlines
35:27 Husbandry
Namzer
8:25 Feudal Age
13:02 Castle Age
11:09 Double-Bit Axe
15:46 Bow Saw
15:33 Horse Collar
17:21 Crossbowman
18:07 Thumb Ring
18:03 Fletching
18:19 Gambesons
19:21 Heavy Plow
24:59 Imperial Age
22:25 Loom
23:56 Wheelbarrow
23:55 Squires
26:09 Forging
25:59 Scale Mail Armor
27:45 Conscription
29:50 Ballistics
30:31 Chemistry
30:33 Hand Cart
31:32 Two-Man Saw
30:27 Gold Mining
30:28 Arbalester
33:01 Coiled Serpent Array
33:10 Coiled Serpent Array
35:42 Bolt Magazine
36:14 Bodkin Arrow
37:55 Bracer
39:23 Chain Mail Armor
39:20 Caravan
39:36 Elite White Feather Guard
41:19 Plate Mail Armor
43:05 Treadmill Crane
希望大陸人有素質一點
5:18 Loom
7:35 Feudal Age
9:17 Wheelbarrow
8:29 Double-Bit Axe
9:11 Horse Collar
15:09 Castle Age
13:22 Gold Mining
16:16 Hand Cart
21:56 Heavy Plow
23:59 Scale Barding Armor
24:06 Forging
28:04 Imperial Age
27:04 Gold Shaft Mining
27:47 Chain Barding Armor
28:02 Iron Casting
27:40 Bloodlines
27:30 Husbandry
28:20 Bimaristan
29:01 Town Watch
29:29 Elite Mameluke
dergrashalmdeineroma
2:42 Loom
7:05 Feudal Age
8:42 Horse Collar
11:47 Castle Age
10:36 Double-Bit Axe
12:49 Husbandry
15:57 Wheelbarrow
15:47 Bow Saw
16:58 Stone Mining
19:06 Fervor
20:54 Hand Cart
21:41 Sanctity
27:57 Imperial Age
25:13 Town Watch
25:35 Padded Archer Armor
27:09 Leather Archer Armor
28:09 Fletching
28:25 Scale Barding Armor
28:31 Forging
27:59 Elite Janissary
29:05 Ballistics
31:07 Two-Man Saw
30:09 Heavy Plow
30:44 Ring Archer Armor
31:36 Conscription
35:28 Bloodlines
35:37 Guilds
36:27 Masonry
36:13 Murder Holes
36:28 Fortified Wall
35:59 Treadmill Crane
36:29 Artillery
37:01 Chain Barding Armor
37:16 Iron Casting
36:37 Bodkin Arrow
Connection lost

Rejoining the realm…

Still unreachable

The connection could not be restored.

Session expired

The server has moved on; the page needs a fresh start.